Vegas Golden Knights vs Boston Bruins
Created - Thursday, June 1, 2023 at 10:03
Goals
|
| Vegas Golden Knights |
2 |
0 |
2 |
0 |
4 |
| Boston Bruins |
2 |
1 |
1 |
1 |
5 |
|
Shots
|
| Vegas Golden Knights |
17 |
4 |
16 |
2 |
39 |
| Boston Bruins |
12 |
12 |
13 |
1 |
38 |
|
1st period
1. Vegas Golden Knights , Rickard Rakell 19 (Jaden Schwartz 30, Anthony Cirelli 15) at 10:22
2. Boston Bruins , Pavel Zacha 27 (Joel Farabee 23) at 12:43
3. Boston Bruins , Phil Kessel 25 (Vincent Trocheck 35) at 13:11 (PP)
4. Vegas Golden Knights , Jaden Schwartz 15 (Anthony Cirelli 16, Rickard Rakell 29) at 14:54
Penalties :
Joel Farabee (BOS) for Goalie Interference (Minor) at 3:21, Tom Wilson (VGK) for Interference (Minor) at 13:09
2nd period
5. Boston Bruins , Brock McGinn 6 (Jordan Spence 1, Joonas Donskoi 9) at 3:55
Penalties :
Tom Wilson (VGK) for Holding (Minor) at 0:29, Joel Farabee (BOS) for Hooking (Minor) at 6:48, P.K. Subban (VGK) for Cross-checking (Minor) at 17:36
3rd period
6. Vegas Golden Knights , Colin White 15 (John Marino 20, Victor Olofsson 11) at 2:42
7. Boston Bruins , Phil Kessel 26 (Vincent Trocheck 36) at 6:35 (PP)
8. Vegas Golden Knights , Andreas Johnsson 9 (Rickard Rakell 30, Vladislav Namestnikov 7) at 12:12 (PP)
Penalties :
Jonathan Drouin (VGK) for Holding (Minor) at 3:25, Tom Wilson (VGK) for Cross-checking (Minor) at 6:34, Charlie McAvoy (BOS) for Fighting (Major) at 9:36, Jordan Staal (VGK) for Fighting (Major) at 9:36, Vincent Trocheck (BOS) for Holding Stick (Minor) at 11:26, Tom Wilson (VGK) for Hooking (Minor) at 13:54
Overtime #1
9. Boston Bruins , Phil Kessel 27 (Vincent Trocheck 37, Charlie McAvoy 33) at 1:43
Penalties :
No Penalty
Goalie Stats
Philipp Grubauer (VGK), 33 saves from 38 shots - (0.868), OTL, 10-15-2, 61:43 minutes
Pyotr Kochetkov (BOS), 35 saves from 39 shots - (0.897), W, 2-4-0, 61:43 minutes
Players Stats for Vegas Golden Knights
Player Name G A P +/- PIM S H SB GA TA FO MP PP MP PK MP
------------------------------------------------------------------------------------
Andreas Johnsson 1 0 1 1 0 3 2 1 0 0 0/0 8:50 2:17 0:00
Andrew Peeke 0 0 0 -2 0 3 1 3 0 1 0/0 23:04 0:00 4:49
Anthony Cirelli 0 2 2 2 0 0 1 0 0 0 3/6 15:04 0:02 2:07
Artemi Panarin 0 0 0 -2 0 6 0 0 0 0 1/1 20:06 2:25 0:39
Brian Dumoulin 0 0 0 1 0 2 1 2 0 0 0/0 18:39 0:00 3:10
Colin White 1 0 1 1 0 3 1 0 1 0 2/3 9:24 2:25 0:00
Jaden Schwartz 1 1 2 2 0 2 0 0 2 0 0/0 17:26 2:27 2:33
John Marino 0 1 1 1 0 1 2 2 0 2 0/0 18:44 2:12 0:00
Jonathan Drouin 0 0 0 -1 2 3 1 0 0 0 0/1 11:56 0:00 0:00
Jordan Staal 0 0 0 -2 5 3 1 1 0 0 15/39 20:51 0:00 4:19
Marc Staal 0 0 0 -2 0 2 2 2 1 1 0/0 22:44 0:05 4:49
Marc-Edouard Vlasic 0 0 0 1 0 0 1 0 0 0 0/0 18:22 0:05 3:10
P.K. Subban 0 0 0 1 2 0 1 1 0 0 0/0 17:17 2:27 0:00
Rickard Rakell 1 2 3 2 0 5 2 1 0 0 1/3 16:01 2:19 0:00
Tom Wilson 0 0 0 -1 8 4 1 2 0 0 0/0 20:28 2:25 2:03
Victor Olofsson 0 1 1 1 0 0 0 0 0 1 0/0 9:00 2:12 0:00
Vladislav Namestnikov 0 1 1 -1 0 1 2 2 0 0 6/11 17:13 2:17 3:06
Zach Parise 0 0 0 -1 0 1 2 0 1 0 0/0 13:44 0:02 1:18
Players Stats for Boston Bruins
Player Name G A P +/- PIM S H SB GA TA FO MP PP MP PK MP
------------------------------------------------------------------------------------
Anthony Beauvillier 0 0 0 0 0 1 0 2 0 0 0/2 15:24 0:00 1:51
Brandon Hagel 0 0 0 -1 0 2 0 2 0 0 0/1 14:50 0:00 0:00
Brock McGinn 1 0 1 1 0 6 3 0 0 1 0/0 11:27 0:00 0:00
Charlie McAvoy 0 1 1 2 5 1 3 1 1 0 0/0 22:10 3:21 2:13
Danton Heinen 0 0 0 -1 0 0 2 0 1 0 0/0 8:08 0:00 0:00
Joel Farabee 0 1 1 0 4 1 4 2 1 0 1/1 18:26 3:42 0:32
Joonas Donskoi 0 1 1 1 0 4 0 1 0 0 0/0 15:28 4:00 0:00
Jordan Spence 0 1 1 1 0 0 0 2 0 0 0/0 16:20 0:00 0:00
Mason Appleton 0 0 0 -1 0 0 1 0 0 0 0/0 8:32 0:24 0:00
Matt Grzelcyk 0 0 0 -3 0 1 1 1 0 1 0/0 20:52 4:38 0:00
Morgan Geekie 0 0 0 -1 0 1 1 0 0 0 3/3 8:08 0:00 0:00
Pavel Zacha 1 0 1 0 0 4 0 1 1 1 11/22 19:41 3:53 2:30
Phil Kessel 3 0 3 0 0 7 0 0 0 0 1/1 21:18 3:59 2:02
Ryan Donato 0 0 0 1 0 2 1 0 0 0 5/11 16:14 4:00 0:45
Samuel Girard 0 0 0 2 0 1 4 2 0 0 0/0 25:42 4:44 2:45
Tyson Barrie 0 0 0 1 0 1 3 1 0 0 0/0 21:50 3:15 1:59
Victor Mete 0 0 0 -3 0 0 1 1 0 2 0/0 16:31 0:00 2:31
Vincent Trocheck 0 3 3 0 2 6 2 1 1 0 15/23 21:03 3:59 1:48
3 Stars
1 - Phil Kessel (BOS)
2 - Rickard Rakell (VGK)
3 - Jaden Schwartz (VGK)
Power Play
Vegas Golden Knights - 1 on 3 Attempt(s) - 33.33%
Boston Bruins - 2 on 6 Attempt(s) - 33.33%
Penalty Kill
Vegas Golden Knights - 4 on 6 Attempt(s) - 66.67%
- Score 0 goal in Penalty Kill
Boston Bruins - 2 on 3 Attempt(s) - 66.67%
- Score 0 goal in Penalty Kill
Team Stat
Vegas Golden Knights - Hits : 21 - Faceoff Wins : 28 - Blocked Shots : 17 - Penalty Minutes : 17
Boston Bruins - Hits : 26 - Faceoff Wins : 36 - Blocked Shots : 17 - Penalty Minutes : 11
Official
Referees : Chris Rooney and Kyle Rehman
Linesman : Ryan Gibbons and Kiel Murchison
Game Notes
Charlie McAvoy and Jordan Staal fight to a draw at 9:36 of 3rd period
Phil Kessel has scored a Hat Trick!
Finance
Level 1 -- Attendance: 4657 (77.62%) -- Ticket Income $465,700
Level 2 -- Attendance: 3488 (69.76%) -- Ticket Income $209,280
Level 3 -- Attendance: 2282 (76.07%) -- Ticket Income $79,870
Level 4 -- Attendance: 3807 (76.14%) -- Ticket Income $95,175
Luxury Box -- Attendance: 786 (78.60%) -- Ticket Income $157,200
Game was played at the TD Garden.
Total Attendance: 15020 (75.10%)
Total Ticket Income: $1,007,225
Other Income: $352,529
Total Income: $1,359,754
Vegas Golden Knights
5 vs 5 Forward
Center Left Wing Right Wing Time % Phy DF OF
1 Jordan Staal Artemi Panarin Tom Wilson 40 1 2 2
2 Anthony Cirelli Jaden Schwartz Rickard Rakell 30 1 2 2
3 Vladislav Namestnikov Zach Parise Jonathan Drouin 20 1 2 2
4 Colin White Andreas Johnsson Victor Olofsson 10 1 2 2
5 vs 5 Defense
Defense Defense Time % Phy DF OF
1 Brian Dumoulin John Marino 35 1 2 2
2 Marc Staal Andrew Peeke 35 1 2 2
3 Marc-Edouard Vlasic P.K. Subban 30 1 2 2
4 Brian Dumoulin John Marino 0 1 2 2
PowerPlay Forward
Center Left Wing Right Wing Time % Phy DF OF
1 Colin White Artemi Panarin Tom Wilson 60 1 2 2
2 Vladislav Namestnikov Andreas Johnsson Rickard Rakell 40 1 2 2
PowerPlay Defense
Defense Defense Time % Phy DF OF
1 Jaden Schwartz P.K. Subban 60 1 2 2
2 Victor Olofsson John Marino 40 1 2 2
Penalty Kill 4 Players Forward
Center Wing Time % Phy DF OF
1 Jordan Staal Tom Wilson 60 1 2 2
2 Anthony Cirelli Zach Parise 40 1 2 2
Penalty Kill 4 Players Defense
Defense Defense Time % Phy DF OF
1 Marc Staal Andrew Peeke 60 1 2 2
2 Marc-Edouard Vlasic Brian Dumoulin 40 1 2 2
Penalty Kill - 3 Players Forward
Forward Time % Phy DF OF
1 Anthony Cirelli 60 1 2 2
2 Zach Parise 40 1 2 2
Penalty Kill - 3 Players Defense
Defense Defense Time % Phy DF OF
1 Marc Staal Andrew Peeke 60 1 2 2
2 Marc-Edouard Vlasic Brian Dumoulin 40 1 2 2
4 vs 4 Forward
Center Wing Time % Phy DF OF
1 Jordan Staal Artemi Panarin 60 1 2 2
2 Anthony Cirelli Tom Wilson 40 1 2 2
4 vs 4 Defense
Defense Defense Time % Phy DF OF
1 Marc Staal Andrew Peeke 60 1 2 2
2 Brian Dumoulin John Marino 40 1 2 2
Last Minutes Offensive
Center Left Wing Right Wing Defense Defense
Jordan Staal Artemi Panarin Tom Wilson Brian Dumoulin John Marino
Last Minutes Defensive
Center Left Wing Right Wing Defense Defense
Jordan Staal Zach Parise Tom Wilson Brian Dumoulin Andrew Peeke
Goaltenders
Starting : Philipp Grubauer
Backup : Casey DeSmith
Extra Forwards
Normal : Rickard Rakell, Artemi Panarin, Jordan Staal - PP : Anthony Cirelli, Zach Parise - PK : Vladislav Namestnikov
Extra Defensemen
Normal : Marc Staal, John Marino, Brian Dumoulin - PP : Marc Staal - PK : John Marino, P.K. Subban
Penalty Shots
Artemi Panarin, Rickard Rakell, Andreas Johnsson, Anthony Cirelli, Victor Olofsson
Boston Bruins
5 vs 5 Forward
Center Left Wing Right Wing Time % Phy DF OF
1 Vincent Trocheck Phil Kessel Brandon Hagel 30 1 2 2
2 Pavel Zacha Joel Farabee Anthony Beauvillier 30 1 2 2
3 Ryan Donato Joonas Donskoi Brock McGinn 25 1 2 2
4 Morgan Geekie Danton Heinen Mason Appleton 15 1 2 2
5 vs 5 Defense
Defense Defense Time % Phy DF OF
1 Charlie McAvoy Samuel Girard 35 1 2 2
2 Tyson Barrie Jordan Spence 35 1 2 2
3 Matt Grzelcyk Victor Mete 30 1 2 2
4 Charlie McAvoy Samuel Girard 0 1 2 2
PowerPlay Forward
Center Left Wing Right Wing Time % Phy DF OF
1 Vincent Trocheck Pavel Zacha Phil Kessel 50 1 2 2
2 Ryan Donato Joel Farabee Joonas Donskoi 50 1 2 2
PowerPlay Defense
Defense Defense Time % Phy DF OF
1 Charlie McAvoy Samuel Girard 50 1 2 2
2 Tyson Barrie Matt Grzelcyk 50 1 2 2
Penalty Kill 4 Players Forward
Center Wing Time % Phy DF OF
1 Vincent Trocheck Phil Kessel 50 1 2 2
2 Pavel Zacha Joel Farabee 50 1 2 2
Penalty Kill 4 Players Defense
Defense Defense Time % Phy DF OF
1 Charlie McAvoy Samuel Girard 50 1 2 2
2 Tyson Barrie Victor Mete 50 1 2 2
Penalty Kill - 3 Players Forward
Forward Time % Phy DF OF
1 Vincent Trocheck 50 1 2 2
2 Phil Kessel 50 1 2 2
Penalty Kill - 3 Players Defense
Defense Defense Time % Phy DF OF
1 Charlie McAvoy Samuel Girard 50 1 2 2
2 Tyson Barrie Victor Mete 50 1 2 2
4 vs 4 Forward
Center Wing Time % Phy DF OF
1 Vincent Trocheck Phil Kessel 50 1 2 2
2 Pavel Zacha Joel Farabee 50 1 2 2
4 vs 4 Defense
Defense Defense Time % Phy DF OF
1 Charlie McAvoy Samuel Girard 50 1 2 2
2 Tyson Barrie Matt Grzelcyk 50 1 2 2
Last Minutes Offensive
Center Left Wing Right Wing Defense Defense
Vincent Trocheck Pavel Zacha Phil Kessel Charlie McAvoy Samuel Girard
Last Minutes Defensive
Center Left Wing Right Wing Defense Defense
Vincent Trocheck Pavel Zacha Phil Kessel Charlie McAvoy Samuel Girard
Goaltenders
Starting : Pyotr Kochetkov
Backup : David Rittich
Extra Forwards
Normal : Mason Appleton, Brandon Hagel, Anthony Beauvillier - PP : Mason Appleton, Brandon Hagel - PK : Anthony Beauvillier
Extra Defensemen
Normal : Matt Grzelcyk, Victor Mete, Tyson Barrie - PP : Matt Grzelcyk - PK : Victor Mete, Tyson Barrie
Penalty Shots
Vincent Trocheck, Phil Kessel, Pavel Zacha, Joel Farabee, Brandon Hagel
% Time on Ice - Vegas Golden Knights
Lines # - Real PCT - Wanted PCT - Time Play
Normal Forward
1 - 34% - 40% - 16:04
2 - 27% - 30% - 12:48
3 - 25% - 20% - 11:57
4 - 14% - 10% - 6:28
Normal Defense
1 - 36% - 35% - 16:48
2 - 34% - 35% - 15:52
3 - 31% - 30% - 14:27
4 - 0% - 0% - 0:10
PP Forward
1 - 51% - 60% - 2:25
2 - 49% - 40% - 2:19
PP Defense
1 - 54% - 60% - 2:32
2 - 46% - 40% - 2:12
PK Forward
1 - 84% - 60% - 6:41
2 - 16% - 40% - 1:18
PK Defense
1 - 60% - 60% - 4:49
2 - 40% - 40% - 3:10
PK3 Forward
1 - 0% - 60%
2 - 0% - 40%
PK3 Defense
1 - 0% - 60%
2 - 0% - 40%
44 Forward
1 - 89% - 60% - 1:32
2 - 11% - 40% - 0:11
44 Defense
1 - 73% - 60% - 1:15
2 - 27% - 40% - 0:28
Last Minute Offensive - 0:00
Last Minute Defensive - 0:00
Total
Forward - 61:43
Defense - 61:43
|
% Time on Ice - Boston Bruins
Lines # - Real PCT - Wanted PCT - Time Play
Normal Forward
1 - 30% - 30% - 14:08
2 - 29% - 30% - 13:34
3 - 24% - 25% - 11:27
4 - 17% - 15% - 8:08
Normal Defense
1 - 36% - 35% - 16:55
2 - 36% - 35% - 17:05
3 - 28% - 30% - 13:17
4 - 0% - 0% - 0:00
PP Forward
1 - 50% - 50% - 3:59
2 - 50% - 50% - 4:00
PP Defense
1 - 59% - 50% - 4:44
2 - 41% - 50% - 3:15
PK Forward
1 - 43% - 50% - 2:02
2 - 57% - 50% - 2:42
PK Defense
1 - 58% - 50% - 2:45
2 - 42% - 50% - 1:59
PK3 Forward
1 - 0% - 50%
2 - 0% - 50%
PK3 Defense
1 - 0% - 50%
2 - 0% - 50%
44 Forward
1 - 67% - 50% - 1:09
2 - 33% - 50% - 0:34
44 Defense
1 - 53% - 50% - 0:55
2 - 47% - 50% - 0:48
Last Minute Offensive - 0:00
Last Minute Defensive - 0:00
Total
Forward - 61:43
Defense - 61:43
|
Play-by-Play
1st period
0:01 of 1st period - Jordan Staal wins face-off versus Vincent Trocheck in neutral zone.
0:09 of 1st period - Snap shot by Vincent Trocheck.
0:09 of 1st period - Shot Misses the Net.
0:35 of 1st period - Anthony Cirelli is hit by Tyson Barrie and loses puck.
1:38 of 1st period - Slapshot by Brian Dumoulin.
1:38 of 1st period - Shot Misses the Net.
2:37 of 1st period - Andrew Peeke is hit by Charlie McAvoy and loses puck.
2:50 of 1st period - Mason Appleton is hit by Andreas Johnsson and loses puck.
3:09 of 1st period - Wrist shot by Tom Wilson.
3:09 of 1st period - Shot Blocked by Joel Farabee.
3:11 of 1st period - Wrist shot by Marc Staal.
3:11 of 1st period - Shot Blocked by Pavel Zacha.
3:13 of 1st period - Snap shot by Jordan Staal.
3:13 of 1st period - Shot Misses the Net.
3:15 of 1st period - Slapshot by Artemi Panarin.
3:15 of 1st period - Stopped by Pyotr Kochetkov with a rebound.
3:21 of 1st period - Minor Penalty to Joel Farabee for Goalie Interference.
3:22 of 1st period - Vincent Trocheck wins face-off versus Colin White in Boston Bruins zone.
3:49 of 1st period - Andreas Johnsson is hit by Tyson Barrie and loses puck.
5:21 of 1st period - Penalty to Joel Farabee is over, Joel Farabee is back on ice.
5:32 of 1st period - Slapshot by Tyson Barrie.
5:32 of 1st period - Shot Misses the Net.
5:34 of 1st period - Wrist shot by Morgan Geekie.
5:34 of 1st period - Deflect By Marc Staal.
5:34 of 1st period - Stopped by Philipp Grubauer with a rebound.
5:42 of 1st period - Danton Heinen is hit by Jordan Staal and loses puck.
6:24 of 1st period - Matt Grzelcyk is hit by Andrew Peeke and loses puck.
7:04 of 1st period - Brian Dumoulin is hit by Ryan Donato and loses puck.
7:17 of 1st period - Brian Dumoulin is hit by Charlie McAvoy and loses puck.
7:40 of 1st period - Andreas Johnsson is hit by Vincent Trocheck and loses puck.
9:12 of 1st period - Andrew Peeke is hit by Charlie McAvoy and loses puck.
9:37 of 1st period - Marc-Edouard Vlasic is hit by Brock McGinn and loses puck.
9:54 of 1st period - Slapshot by Tom Wilson.
9:54 of 1st period - Stopped by Pyotr Kochetkov without a rebound.
9:55 of 1st period - Jordan Staal wins face-off versus Vincent Trocheck in Boston Bruins zone.
10:02 of 1st period - Slapshot by Tom Wilson.
10:02 of 1st period - Shot Blocked by Brandon Hagel.
10:06 of 1st period - Snap shot by Tom Wilson.
10:06 of 1st period - Shot Misses the Net.
10:08 of 1st period - Slapshot by Jordan Staal.
10:08 of 1st period - Stopped by Pyotr Kochetkov without a rebound.
10:09 of 1st period - Anthony Cirelli wins face-off versus Pavel Zacha in Boston Bruins zone.
10:22 of 1st period - Wrist shot by Rickard Rakell.
10:22 of 1st period - Goal by Rickard Rakell - Vegas Golden Knights : 1 - Boston Bruins : 0.
10:23 of 1st period - Jordan Staal wins face-off versus Vincent Trocheck in neutral zone.
10:34 of 1st period - Snap shot by Vincent Trocheck.
10:34 of 1st period - Stopped by Philipp Grubauer with a rebound.
10:36 of 1st period - Slapshot by Matt Grzelcyk.
10:36 of 1st period - Stopped by Philipp Grubauer without a rebound.
10:37 of 1st period - Pavel Zacha wins face-off versus Jordan Staal in Vegas Golden Knights zone.
10:38 of 1st period - Snap shot by Joel Farabee.
10:38 of 1st period - Deflect By Anthony Beauvillier.
10:38 of 1st period - Stopped by Philipp Grubauer without a rebound.
10:39 of 1st period - Jordan Staal wins face-off versus Pavel Zacha in Vegas Golden Knights zone.
10:46 of 1st period - Snap shot by Tom Wilson.
10:46 of 1st period - Stopped by Pyotr Kochetkov with a rebound.
10:48 of 1st period - Slapshot by P.K. Subban.
10:48 of 1st period - Deflect By Jordan Staal.
10:48 of 1st period - Stopped by Pyotr Kochetkov without a rebound.
10:49 of 1st period - Vincent Trocheck wins face-off versus Jordan Staal in Boston Bruins zone.
10:49 of 1st period - Vincent Trocheck is hit by Tom Wilson.
11:19 of 1st period - Wrist shot by Rickard Rakell.
11:19 of 1st period - Stopped by Pyotr Kochetkov without a rebound.
11:20 of 1st period - Anthony Cirelli wins face-off versus Pavel Zacha in Boston Bruins zone.
11:34 of 1st period - Slapshot by Joel Farabee.
11:34 of 1st period - Shot Blocked by Andrew Peeke.
12:08 of 1st period - Matt Grzelcyk is hit by Rickard Rakell.
12:13 of 1st period - Off-side.
12:14 of 1st period - Morgan Geekie wins face-off versus Jordan Staal in neutral zone.
12:29 of 1st period - Wrist shot by Charlie McAvoy.
12:29 of 1st period - Deflect By Danton Heinen.
12:29 of 1st period - Shot Blocked by Tom Wilson.
12:29 of 1st period - Puck is out of play.
12:30 of 1st period - Pavel Zacha wins face-off versus Vladislav Namestnikov in Vegas Golden Knights zone.
12:33 of 1st period - Snap shot by Joel Farabee.
12:33 of 1st period - Shot Blocked by Marc Staal.
12:35 of 1st period - Snap shot by Pavel Zacha.
12:35 of 1st period - Shot Misses the Net.
12:37 of 1st period - Snap shot by Joel Farabee.
12:37 of 1st period - Shot Blocked by Vladislav Namestnikov.
12:43 of 1st period - Snap shot by Pavel Zacha.
12:43 of 1st period - Goal by Pavel Zacha - Vegas Golden Knights : 1 - Boston Bruins : 1.
12:44 of 1st period - Vincent Trocheck wins face-off versus Jordan Staal in neutral zone.
12:47 of 1st period - Wrist shot by Vincent Trocheck.
12:47 of 1st period - Deflect By Phil Kessel.
12:47 of 1st period - Shot Blocked by Andrew Peeke.
12:47 of 1st period - Puck is out of play.
12:48 of 1st period - Vincent Trocheck wins face-off versus Jordan Staal in Vegas Golden Knights zone.
12:51 of 1st period - Wrist shot by Vincent Trocheck.
12:51 of 1st period - Stopped by Philipp Grubauer with a rebound.
12:53 of 1st period - Snap shot by Phil Kessel.
12:53 of 1st period - Shot Misses the Net.
12:55 of 1st period - Snap shot by Brandon Hagel.
12:55 of 1st period - Stopped by Philipp Grubauer with a rebound.
13:01 of 1st period - Slapshot by Vincent Trocheck.
13:01 of 1st period - Stopped by Philipp Grubauer with a rebound.
13:09 of 1st period - Minor Penalty to Tom Wilson for Interference.
13:10 of 1st period - Vincent Trocheck wins face-off versus Jordan Staal in Vegas Golden Knights zone.
13:11 of 1st period - Slapshot by Phil Kessel.
13:11 of 1st period - Goal by Phil Kessel - Vegas Golden Knights : 1 - Boston Bruins : 2.
13:12 of 1st period - Jordan Staal wins face-off versus Pavel Zacha in neutral zone.
13:46 of 1st period - Icing by P.K. Subban.
13:47 of 1st period - Vincent Trocheck wins face-off versus Anthony Cirelli in Vegas Golden Knights zone.
13:50 of 1st period - Snap shot by Phil Kessel.
13:50 of 1st period - Stopped by Philipp Grubauer with a rebound.
14:04 of 1st period - Snap shot by Rickard Rakell.
14:04 of 1st period - Stopped by Pyotr Kochetkov with a rebound.
14:06 of 1st period - Backhand shot by Marc-Edouard Vlasic.
14:06 of 1st period - Shot Misses the Net.
14:08 of 1st period - Wrist shot by Jaden Schwartz.
14:08 of 1st period - Shot Blocked by Vincent Trocheck.
14:10 of 1st period - Slapshot by Anthony Cirelli.
14:10 of 1st period - Shot Misses the Net.
14:44 of 1st period - Wrist shot by Phil Kessel.
14:44 of 1st period - Shot Blocked by Rickard Rakell.
14:54 of 1st period - Slapshot by Jaden Schwartz.
14:54 of 1st period - Goal by Jaden Schwartz - Vegas Golden Knights : 2 - Boston Bruins : 2.
14:55 of 1st period - Jordan Staal wins face-off versus Pavel Zacha in neutral zone.
15:00 of 1st period - Wrist shot by Tom Wilson.
15:00 of 1st period - Stopped by Pyotr Kochetkov without a rebound.
15:01 of 1st period - Pavel Zacha wins face-off versus Jordan Staal in Boston Bruins zone.
15:06 of 1st period - Wrist shot by Pavel Zacha.
15:06 of 1st period - Stopped by Philipp Grubauer without a rebound.
15:07 of 1st period - Ryan Donato wins face-off versus Jordan Staal in Vegas Golden Knights zone.
15:10 of 1st period - Slapshot by Ryan Donato.
15:10 of 1st period - Shot Hit the Post.
15:23 of 1st period - Icing by Andrew Peeke.
15:24 of 1st period - Pavel Zacha wins face-off versus Jordan Staal in Vegas Golden Knights zone.
15:45 of 1st period - Slapshot by Jordan Staal.
15:45 of 1st period - Shot Misses the Net.
15:47 of 1st period - Snap shot by Jordan Staal.
15:47 of 1st period - Shot Blocked by Joonas Donskoi.
15:49 of 1st period - Slapshot by Marc Staal.
15:49 of 1st period - Deflect By Artemi Panarin.
15:49 of 1st period - Stopped by Pyotr Kochetkov without a rebound.
15:50 of 1st period - Ryan Donato wins face-off versus Jonathan Drouin in Boston Bruins zone.
15:50 of 1st period - Ryan Donato is hit by Vladislav Namestnikov.
16:00 of 1st period - Ryan Donato is hit by Zach Parise.
16:16 of 1st period - Anthony Beauvillier is hit by Anthony Cirelli and loses puck.
16:23 of 1st period - Wrist shot by Jaden Schwartz.
16:23 of 1st period - Shot Blocked by Samuel Girard.
17:09 of 1st period - Slapshot by Colin White.
17:09 of 1st period - Stopped by Pyotr Kochetkov with a rebound.
17:25 of 1st period - Joel Farabee is hit by Jonathan Drouin and loses puck.
17:36 of 1st period - Snap shot by Vladislav Namestnikov.
17:36 of 1st period - Shot Misses the Net.
17:46 of 1st period - Jaden Schwartz is hit by Matt Grzelcyk.
18:14 of 1st period - Snap shot by Phil Kessel.
18:14 of 1st period - Stopped by Philipp Grubauer with a rebound.
18:42 of 1st period - Snap shot by Artemi Panarin.
18:42 of 1st period - Stopped by Pyotr Kochetkov with a rebound.
18:44 of 1st period - Slapshot by Jordan Staal.
18:44 of 1st period - Stopped by Pyotr Kochetkov with a rebound.
18:46 of 1st period - Wrist shot by Tom Wilson.
18:46 of 1st period - Stopped by Pyotr Kochetkov without a rebound.
18:47 of 1st period - Vladislav Namestnikov wins face-off versus Pavel Zacha in Boston Bruins zone.
18:48 of 1st period - Wrist shot by Zach Parise.
18:48 of 1st period - Stopped by Pyotr Kochetkov with a rebound.
19:00 of 1st period - Wrist shot by Joel Farabee.
19:00 of 1st period - Shot Blocked by Brian Dumoulin.
19:02 of 1st period - Snap shot by Jordan Spence.
19:02 of 1st period - Shot Blocked by Brian Dumoulin.
19:21 of 1st period - Wrist shot by Danton Heinen.
19:21 of 1st period - Deflect By Morgan Geekie.
19:21 of 1st period - Shot Blocked by John Marino.
19:21 of 1st period - Puck is out of play.
19:22 of 1st period - Pavel Zacha wins face-off versus Anthony Cirelli in Vegas Golden Knights zone.
19:23 of 1st period - Wrist shot by Anthony Beauvillier.
19:23 of 1st period - Deflect By Joel Farabee.
19:23 of 1st period - Shot Blocked by Marc Staal.
19:23 of 1st period - Puck is out of play.
19:24 of 1st period - Anthony Cirelli wins face-off versus Pavel Zacha in Vegas Golden Knights zone.
19:37 of 1st period - Snap shot by Rickard Rakell.
19:37 of 1st period - Stopped by Pyotr Kochetkov without a rebound.
19:38 of 1st period - Jordan Staal wins face-off versus Vincent Trocheck in Boston Bruins zone.
19:39 of 1st period - Snap shot by Artemi Panarin.
19:39 of 1st period - Shot Blocked by Tyson Barrie.
19:53 of 1st period - Wrist shot by Phil Kessel.
19:53 of 1st period - Shot Blocked by Tom Wilson.
Goals for this period are 2 for Vegas Golden Knights vs 2 for Boston Bruins.
Shots for this period are 17 for Vegas Golden Knights vs 12 for Boston Bruins.
2nd period
0:01 of 2nd period - Ryan Donato wins face-off versus Jordan Staal in neutral zone.
0:04 of 2nd period - Slapshot by Charlie McAvoy.
0:04 of 2nd period - Shot Misses the Net.
0:06 of 2nd period - Wrist shot by Joonas Donskoi.
0:06 of 2nd period - Deflect By Tom Wilson.
0:06 of 2nd period - Stopped by Philipp Grubauer without a rebound.
0:07 of 2nd period - Jordan Staal wins face-off versus Ryan Donato in Vegas Golden Knights zone.
0:19 of 2nd period - Slapshot by Ryan Donato.
0:19 of 2nd period - Stopped by Philipp Grubauer with a rebound.
0:21 of 2nd period - Slapshot by Joonas Donskoi.
0:21 of 2nd period - Shot Misses the Net.
0:23 of 2nd period - Slapshot by Brock McGinn.
0:23 of 2nd period - Stopped by Philipp Grubauer with a rebound.
0:29 of 2nd period - Minor Penalty to Tom Wilson for Holding.
0:30 of 2nd period - Jordan Staal wins face-off versus Ryan Donato in Vegas Golden Knights zone.
0:45 of 2nd period - Snap shot by Tyson Barrie.
0:45 of 2nd period - Deflect By Ryan Donato.
0:45 of 2nd period - Shot Hit the Post.
0:45 of 2nd period - Puck is out of play.
0:46 of 2nd period - Vincent Trocheck wins face-off versus Jordan Staal in Vegas Golden Knights zone.
1:15 of 2nd period - Slapshot by Charlie McAvoy.
1:15 of 2nd period - Shot Misses the Net.
1:17 of 2nd period - Slapshot by Charlie McAvoy.
1:17 of 2nd period - Stopped by Philipp Grubauer with a rebound.
1:19 of 2nd period - Slapshot by Samuel Girard.
1:19 of 2nd period - Shot Misses the Net.
1:21 of 2nd period - Snap shot by Samuel Girard.
1:21 of 2nd period - Shot Misses the Net.
1:56 of 2nd period - Marc-Edouard Vlasic is hit by Joel Farabee and loses puck.
2:29 of 2nd period - Penalty to Tom Wilson is over, Tom Wilson is back on ice.
2:42 of 2nd period - Wrist shot by Andreas Johnsson.
2:42 of 2nd period - Stopped by Pyotr Kochetkov without a rebound.
2:43 of 2nd period - Morgan Geekie wins face-off versus Vladislav Namestnikov in Boston Bruins zone.
3:08 of 2nd period - Tyson Barrie is hit by Colin White and loses puck.
3:41 of 2nd period - Snap shot by Joonas Donskoi.
3:41 of 2nd period - Stopped by Philipp Grubauer with a rebound.
3:43 of 2nd period - Snap shot by Jordan Spence.
3:43 of 2nd period - Shot Misses the Net.
3:45 of 2nd period - Snap shot by Brock McGinn.
3:45 of 2nd period - Shot Misses the Net.
3:47 of 2nd period - Wrist shot by Brock McGinn.
3:47 of 2nd period - Stopped by Philipp Grubauer with a rebound.
3:49 of 2nd period - Wrist shot by Brock McGinn.
3:49 of 2nd period - Stopped by Philipp Grubauer with a rebound.
3:55 of 2nd period - Wrist shot by Brock McGinn.
3:55 of 2nd period - Goal by Brock McGinn - Vegas Golden Knights : 2 - Boston Bruins : 3.
3:56 of 2nd period - Pavel Zacha wins face-off versus Jordan Staal in neutral zone.
3:59 of 2nd period - Tom Wilson is hit by Joel Farabee and loses puck.
5:44 of 2nd period - Wrist shot by Jaden Schwartz.
5:44 of 2nd period - Stopped by Pyotr Kochetkov without a rebound.
5:45 of 2nd period - Pavel Zacha wins face-off versus Jordan Staal in Boston Bruins zone.
5:56 of 2nd period - Slapshot by Joel Farabee.
5:56 of 2nd period - Shot Misses the Net.
6:10 of 2nd period - Tyson Barrie is hit by Marc-Edouard Vlasic and loses puck.
6:35 of 2nd period - Wrist shot by Zach Parise.
6:35 of 2nd period - Deflect By Jonathan Drouin.
6:35 of 2nd period - Shot Misses the Net.
6:35 of 2nd period - Puck is out of play.
6:36 of 2nd period - Joel Farabee wins face-off versus Vladislav Namestnikov in Boston Bruins zone.
6:48 of 2nd period - Minor Penalty to Joel Farabee for Hooking.
6:49 of 2nd period - Colin White wins face-off versus Vincent Trocheck in Boston Bruins zone.
7:24 of 2nd period - Snap shot by Rickard Rakell.
7:24 of 2nd period - Stopped by Pyotr Kochetkov with a rebound.
7:56 of 2nd period - Wrist shot by Artemi Panarin.
7:56 of 2nd period - Shot Blocked by Anthony Beauvillier.
8:48 of 2nd period - Penalty to Joel Farabee is over, Joel Farabee is back on ice.
8:55 of 2nd period - John Marino is hit by Morgan Geekie and loses puck.
10:22 of 2nd period - Artemi Panarin is hit by Samuel Girard and loses puck.
11:03 of 2nd period - Danton Heinen is hit by Rickard Rakell and loses puck.
11:12 of 2nd period - Brian Dumoulin is hit by Mason Appleton and loses puck.
11:31 of 2nd period - Jonathan Drouin is hit by Joel Farabee and loses puck.
12:26 of 2nd period - Pavel Zacha is hit by Andreas Johnsson and loses puck.
13:36 of 2nd period - Snap shot by Joel Farabee.
13:36 of 2nd period - Shot Misses the Net.
14:04 of 2nd period - Colin White is hit by Brock McGinn and loses puck.
14:59 of 2nd period - Joel Farabee is hit by P.K. Subban.
15:16 of 2nd period - Brock McGinn is hit by Zach Parise and loses puck.
15:25 of 2nd period - Marc Staal is hit by Brock McGinn and loses puck.
15:43 of 2nd period - Wrist shot by Zach Parise.
15:43 of 2nd period - Deflect By Jonathan Drouin.
15:43 of 2nd period - Deflect By Jordan Spence.
15:43 of 2nd period - Stopped by Pyotr Kochetkov with a rebound.
15:45 of 2nd period - Snap shot by Vladislav Namestnikov.
15:45 of 2nd period - Shot Hit the Post.
15:47 of 2nd period - Slapshot by Jonathan Drouin.
15:47 of 2nd period - Shot Misses the Net.
15:49 of 2nd period - Snap shot by Vladislav Namestnikov.
15:49 of 2nd period - Shot Blocked by Jordan Spence.
16:22 of 2nd period - Icing by Brian Dumoulin.
16:23 of 2nd period - Morgan Geekie wins face-off versus Vladislav Namestnikov in Vegas Golden Knights zone.
16:26 of 2nd period - Wrist shot by Joonas Donskoi.
16:26 of 2nd period - Stopped by Philipp Grubauer with a rebound.
16:28 of 2nd period - Snap shot by Brock McGinn.
16:28 of 2nd period - Stopped by Philipp Grubauer with a rebound.
16:32 of 2nd period - Slapshot by Ryan Donato.
16:32 of 2nd period - Shot Misses the Net.
16:34 of 2nd period - Snap shot by Joonas Donskoi.
16:34 of 2nd period - Stopped by Philipp Grubauer with a rebound.
16:36 of 2nd period - Slapshot by Charlie McAvoy.
16:36 of 2nd period - Deflect By Ryan Donato.
16:36 of 2nd period - Shot Misses the Net.
16:36 of 2nd period - Puck is out of play.
16:37 of 2nd period - Jordan Staal wins face-off versus Anthony Beauvillier in Vegas Golden Knights zone.
17:25 of 2nd period - Wrist shot by Vincent Trocheck.
17:25 of 2nd period - Shot Blocked by Andreas Johnsson.
17:27 of 2nd period - Slapshot by Phil Kessel.
17:27 of 2nd period - Stopped by Philipp Grubauer with a rebound.
17:36 of 2nd period - Minor Penalty to P.K. Subban for Cross-checking.
17:37 of 2nd period - Vincent Trocheck wins face-off versus Jordan Staal in Vegas Golden Knights zone.
18:03 of 2nd period - Tom Wilson is hit by Joel Farabee and loses puck.
19:34 of 2nd period - Marc Staal is hit by Samuel Girard.
19:36 of 2nd period - Penalty to P.K. Subban is over, P.K. Subban is back on ice.
19:40 of 2nd period - Mason Appleton is hit by Vladislav Namestnikov and loses puck.
19:49 of 2nd period - Vladislav Namestnikov is hit by Samuel Girard and loses puck.
Goals for this period are 0 for Vegas Golden Knights vs 1 for Boston Bruins.
Shots for this period are 4 for Vegas Golden Knights vs 12 for Boston Bruins.
3rd period
0:01 of 3rd period - Pavel Zacha wins face-off versus Jordan Staal in neutral zone.
0:27 of 3rd period - Brandon Hagel is hit by Marc Staal and loses puck.
0:32 of 3rd period - Snap shot by Rickard Rakell.
0:32 of 3rd period - Shot Misses the Net.
0:34 of 3rd period - Slapshot by Brian Dumoulin.
0:34 of 3rd period - Stopped by Pyotr Kochetkov with a rebound.
0:36 of 3rd period - Snap shot by Jaden Schwartz.
0:36 of 3rd period - Shot Misses the Net.
0:38 of 3rd period - Snap shot by Rickard Rakell.
0:38 of 3rd period - Shot Misses the Net.
0:40 of 3rd period - Slapshot by Rickard Rakell.
0:40 of 3rd period - Shot Misses the Net.
0:55 of 3rd period - Samuel Girard is hit by John Marino and loses puck.
1:10 of 3rd period - Marc-Edouard Vlasic is hit by Danton Heinen and loses puck.
1:33 of 3rd period - Wrist shot by Joel Farabee.
1:33 of 3rd period - Stopped by Philipp Grubauer with a rebound.
2:33 of 3rd period - Colin White is hit by Danton Heinen and loses puck.
2:42 of 3rd period - Snap shot by John Marino.
2:42 of 3rd period - Deflect By Colin White.
2:42 of 3rd period - Goal by Colin White - Vegas Golden Knights : 3 - Boston Bruins : 3.
2:43 of 3rd period - Pavel Zacha wins face-off versus Jordan Staal in neutral zone.
2:53 of 3rd period - Slapshot by John Marino.
2:53 of 3rd period - Shot Misses the Net.
3:25 of 3rd period - Minor Penalty to Jonathan Drouin for Holding.
3:26 of 3rd period - Ryan Donato wins face-off versus Jordan Staal in Vegas Golden Knights zone.
3:34 of 3rd period - Slapshot by Charlie McAvoy.
3:34 of 3rd period - Shot Misses the Net.
3:36 of 3rd period - Slapshot by Samuel Girard.
3:36 of 3rd period - Shot Blocked by Jordan Staal.
5:01 of 3rd period - Charlie McAvoy is hit by Marc Staal and loses puck.
5:25 of 3rd period - Penalty to Jonathan Drouin is over, Jonathan Drouin is back on ice.
5:30 of 3rd period - Wrist shot by Colin White.
5:30 of 3rd period - Shot Misses the Net.
6:25 of 3rd period - Snap shot by Anthony Beauvillier.
6:25 of 3rd period - Shot Misses the Net.
6:27 of 3rd period - Slapshot by Victor Mete.
6:27 of 3rd period - Shot Misses the Net.
6:29 of 3rd period - Slapshot by Jordan Spence.
6:29 of 3rd period - Deflect By Anthony Beauvillier.
6:29 of 3rd period - Shot Blocked by John Marino.
6:29 of 3rd period - Puck is out of play.
6:30 of 3rd period - Ryan Donato wins face-off versus Jordan Staal in Vegas Golden Knights zone.
6:34 of 3rd period - Minor Penalty to Tom Wilson for Cross-checking.
6:35 of 3rd period - Vincent Trocheck wins face-off versus Jordan Staal in Vegas Golden Knights zone.
6:35 of 3rd period - Snap shot by Phil Kessel.
6:35 of 3rd period - Goal by Phil Kessel - Vegas Golden Knights : 3 - Boston Bruins : 4.
6:36 of 3rd period - Vincent Trocheck wins face-off versus Jordan Staal in neutral zone.
7:33 of 3rd period - Snap shot by Joel Farabee.
7:33 of 3rd period - Shot Misses the Net.
7:43 of 3rd period - Snap shot by Jonathan Drouin.
7:43 of 3rd period - Stopped by Pyotr Kochetkov with a rebound.
7:45 of 3rd period - Snap shot by Marc Staal.
7:45 of 3rd period - Shot Misses the Net.
7:47 of 3rd period - Wrist shot by Andrew Peeke.
7:47 of 3rd period - Shot Blocked by Jordan Spence.
7:49 of 3rd period - Slapshot by Marc Staal.
7:49 of 3rd period - Stopped by Pyotr Kochetkov without a rebound.
7:50 of 3rd period - Vincent Trocheck wins face-off versus Vladislav Namestnikov in Boston Bruins zone.
7:55 of 3rd period - Slapshot by Charlie McAvoy.
7:55 of 3rd period - Shot Blocked by Vladislav Namestnikov.
8:01 of 3rd period - Snap shot by Brian Dumoulin.
8:01 of 3rd period - Shot Blocked by Brandon Hagel.
8:03 of 3rd period - Slapshot by John Marino.
8:03 of 3rd period - Stopped by Pyotr Kochetkov with a rebound.
8:05 of 3rd period - Wrist shot by Jonathan Drouin.
8:05 of 3rd period - Shot Misses the Net.
8:07 of 3rd period - Slapshot by Vladislav Namestnikov.
8:07 of 3rd period - Stopped by Pyotr Kochetkov with a rebound.
8:09 of 3rd period - Wrist shot by Jonathan Drouin.
8:09 of 3rd period - Shot Misses the Net.
8:11 of 3rd period - Slapshot by Brian Dumoulin.
8:11 of 3rd period - Deflect By Charlie McAvoy.
8:11 of 3rd period - Stopped by Pyotr Kochetkov with a rebound.
8:13 of 3rd period - Backhand shot by Jonathan Drouin.
8:13 of 3rd period - Stopped by Pyotr Kochetkov without a rebound.
8:14 of 3rd period - Jordan Staal wins face-off versus Pavel Zacha in Boston Bruins zone.
8:19 of 3rd period - Wrist shot by Tom Wilson.
8:19 of 3rd period - Shot Blocked by Matt Grzelcyk.
8:21 of 3rd period - Backhand shot by Jordan Staal.
8:21 of 3rd period - Deflect By Tom Wilson.
8:21 of 3rd period - Shot Blocked by Joel Farabee.
8:21 of 3rd period - Puck is out of play.
8:22 of 3rd period - Pavel Zacha wins face-off versus Jordan Staal in Boston Bruins zone.
8:27 of 3rd period - Snap shot by Pavel Zacha.
8:27 of 3rd period - Stopped by Philipp Grubauer without a rebound.
8:28 of 3rd period - Jordan Staal wins face-off versus Vincent Trocheck in Vegas Golden Knights zone.
8:35 of 3rd period - Slapshot by Vincent Trocheck.
8:35 of 3rd period - Shot Misses the Net.
8:37 of 3rd period - Snap shot by Brandon Hagel.
8:37 of 3rd period - Stopped by Philipp Grubauer with a rebound.
8:39 of 3rd period - Snap shot by Samuel Girard.
8:39 of 3rd period - Stopped by Philipp Grubauer without a rebound.
8:40 of 3rd period - Vincent Trocheck wins face-off versus Jordan Staal in Vegas Golden Knights zone.
9:11 of 3rd period - Snap shot by Tom Wilson.
9:11 of 3rd period - Shot Blocked by Victor Mete.
9:13 of 3rd period - Wrist shot by Andrew Peeke.
9:13 of 3rd period - Stopped by Pyotr Kochetkov with a rebound.
9:15 of 3rd period - Slapshot by Marc Staal.
9:15 of 3rd period - Stopped by Pyotr Kochetkov with a rebound.
9:17 of 3rd period - Slapshot by Jaden Schwartz.
9:17 of 3rd period - Shot Misses the Net.
9:19 of 3rd period - Snap shot by Jaden Schwartz.
9:19 of 3rd period - Shot Hit the Post.
9:21 of 3rd period - Wrist shot by Jaden Schwartz.
9:21 of 3rd period - Shot Misses the Net.
9:33 of 3rd period - Wrist shot by Ryan Donato.
9:33 of 3rd period - Stopped by Philipp Grubauer with a rebound.
9:35 of 3rd period - Wrist shot by Brock McGinn.
9:35 of 3rd period - Stopped by Philipp Grubauer without a rebound.
9:36 of 3rd period - Artemi Panarin wins face-off versus Ryan Donato in Vegas Golden Knights zone.
9:36 of 3rd period - Charlie McAvoy and Jordan Staal fight to a draw.
9:36 of 3rd period - Penalty to Charlie McAvoy for Fighting.
9:36 of 3rd period - Penalty to Jordan Staal for Fighting.
9:37 of 3rd period - Phil Kessel wins face-off versus Rickard Rakell in Vegas Golden Knights zone.
9:42 of 3rd period - Wrist shot by Vincent Trocheck.
9:42 of 3rd period - Stopped by Philipp Grubauer with a rebound.
10:26 of 3rd period - Snap shot by Colin White.
10:26 of 3rd period - Stopped by Pyotr Kochetkov with a rebound.
10:32 of 3rd period - Slapshot by Colin White.
10:32 of 3rd period - Shot Misses the Net.
11:18 of 3rd period - Snap shot by Zach Parise.
11:18 of 3rd period - Shot Misses the Net.
11:26 of 3rd period - Minor Penalty to Vincent Trocheck for Holding Stick.
11:27 of 3rd period - Colin White wins face-off versus Pavel Zacha in Boston Bruins zone.
11:36 of 3rd period - Snap shot by Colin White.
11:36 of 3rd period - Shot Blocked by Samuel Girard.
11:38 of 3rd period - Slapshot by Jaden Schwartz.
11:38 of 3rd period - Shot Hit the Post.
11:40 of 3rd period - Wrist shot by Colin White.
11:40 of 3rd period - Shot Misses the Net.
11:56 of 3rd period - Wrist shot by Andreas Johnsson.
11:56 of 3rd period - Shot Misses the Net.
11:58 of 3rd period - Snap shot by Andreas Johnsson.
11:58 of 3rd period - Stopped by Pyotr Kochetkov without a rebound.
11:59 of 3rd period - Vladislav Namestnikov wins face-off versus Anthony Beauvillier in Boston Bruins zone.
12:12 of 3rd period - Snap shot by Andreas Johnsson.
12:12 of 3rd period - Goal by Andreas Johnsson - Vegas Golden Knights : 4 - Boston Bruins : 4.
12:13 of 3rd period - Rickard Rakell wins face-off versus Brandon Hagel in neutral zone.
12:44 of 3rd period - Backhand shot by Andrew Peeke.
12:44 of 3rd period - Stopped by Pyotr Kochetkov without a rebound.
12:45 of 3rd period - Vincent Trocheck wins face-off versus Rickard Rakell in Boston Bruins zone.
12:55 of 3rd period - Snap shot by Artemi Panarin.
12:55 of 3rd period - Stopped by Pyotr Kochetkov with a rebound.
13:13 of 3rd period - Wrist shot by Joel Farabee.
13:13 of 3rd period - Deflect By Pavel Zacha.
13:13 of 3rd period - Shot Misses the Net.
13:13 of 3rd period - Puck is out of play.
13:14 of 3rd period - Vladislav Namestnikov wins face-off versus Pavel Zacha in Vegas Golden Knights zone.
13:39 of 3rd period - Rickard Rakell is hit by Vincent Trocheck and loses puck.
13:48 of 3rd period - Backhand shot by Vincent Trocheck.
13:48 of 3rd period - Shot Blocked by P.K. Subban.
13:54 of 3rd period - Minor Penalty to Tom Wilson for Hooking.
13:55 of 3rd period - Vladislav Namestnikov wins face-off versus Vincent Trocheck in Vegas Golden Knights zone.
14:06 of 3rd period - Wrist shot by Phil Kessel.
14:06 of 3rd period - Stopped by Philipp Grubauer with a rebound.
14:08 of 3rd period - Slapshot by Samuel Girard.
14:08 of 3rd period - Shot Blocked by Andrew Peeke.
14:10 of 3rd period - Snap shot by Vincent Trocheck.
14:10 of 3rd period - Stopped by Philipp Grubauer without a rebound.
14:11 of 3rd period - Vladislav Namestnikov wins face-off versus Ryan Donato in Vegas Golden Knights zone.
14:19 of 3rd period - Icing by Samuel Girard.
14:20 of 3rd period - Vladislav Namestnikov wins face-off versus Ryan Donato in Boston Bruins zone.
14:33 of 3rd period - Wrist shot by Vladislav Namestnikov.
14:33 of 3rd period - Shot Misses the Net.
14:36 of 3rd period - Penalty to Jordan Staal is over, Jordan Staal is back on ice.
15:15 of 3rd period - Snap shot by Pavel Zacha.
15:15 of 3rd period - Stopped by Philipp Grubauer with a rebound.
15:17 of 3rd period - Slapshot by Vincent Trocheck.
15:17 of 3rd period - Stopped by Philipp Grubauer without a rebound.
15:18 of 3rd period - Jordan Staal wins face-off versus Vincent Trocheck in Vegas Golden Knights zone.
15:54 of 3rd period - Penalty to Tom Wilson is over, Tom Wilson is back on ice.
16:44 of 3rd period - Tyson Barrie is hit by John Marino and loses puck.
16:47 of 3rd period - Slapshot by Tyson Barrie.
16:47 of 3rd period - Stopped by Philipp Grubauer without a rebound.
16:48 of 3rd period - Jordan Staal wins face-off versus Ryan Donato in Vegas Golden Knights zone.
17:02 of 3rd period - Brian Dumoulin is hit by Victor Mete and loses puck.
18:05 of 3rd period - Snap shot by Colin White.
18:05 of 3rd period - Shot Blocked by Anthony Beauvillier.
18:07 of 3rd period - Snap shot by Andreas Johnsson.
18:07 of 3rd period - Shot Blocked by Charlie McAvoy.
19:36 of 3rd period - Slapshot by Andrew Peeke.
19:36 of 3rd period - Stopped by Pyotr Kochetkov without a rebound.
19:37 of 3rd period - Vincent Trocheck wins face-off versus Anthony Cirelli in Boston Bruins zone.
Goals for this period are 2 for Vegas Golden Knights vs 1 for Boston Bruins.
Shots for this period are 16 for Vegas Golden Knights vs 13 for Boston Bruins.
Overtime #1
0:01 of 1st overtime period - Vincent Trocheck wins face-off versus Jordan Staal in neutral zone.
0:14 of 1st overtime period - Slapshot by Artemi Panarin.
0:14 of 1st overtime period - Stopped by Pyotr Kochetkov without a rebound.
0:15 of 1st overtime period - Jordan Staal wins face-off versus Pavel Zacha in Boston Bruins zone.
0:16 of 1st overtime period - Snap shot by Artemi Panarin.
0:16 of 1st overtime period - Stopped by Pyotr Kochetkov without a rebound.
0:17 of 1st overtime period - Pavel Zacha wins face-off versus Jordan Staal in Boston Bruins zone.
0:24 of 1st overtime period - Marc Staal is hit by Tyson Barrie and loses puck.
1:15 of 1st overtime period - Phil Kessel is hit by Brian Dumoulin and loses puck.
1:26 of 1st overtime period - Jaden Schwartz is hit by Samuel Girard and loses puck.
1:43 of 1st overtime period - Snap shot by Phil Kessel.
1:43 of 1st overtime period - Goal by Phil Kessel - Vegas Golden Knights : 4 - Boston Bruins : 5.
Goals for this period are 0 for Vegas Golden Knights vs 1 for Boston Bruins.
Shots for this period are 2 for Vegas Golden Knights vs 1 for Boston Bruins.
Back to the Top